 Dungeon Crawl Stone Soup version 0.22.1-6-g1668fe2 (webtiles) character file.

63 tatsu007 the Skirmisher (level 4, 0/49 HPs)
             Began as an Ogre Berserker on Feb 5, 2019.
             Was a Believer of Trog.
             Succumbed to an adder's poison
             ... on level 3 of the Dungeon.
             The game lasted 00:07:25 (1229 turns).

tatsu007 the Skirmisher (Ogre Berserker)            Turns: 1229, Time: 00:07:25

Health: 0/49       AC:  3    Str: 22    XL:     4   Next: 9%
Magic:  4/4        EV:  7    Int:  8    God:    Trog [**....]
Gold:   46         SH:  7    Dex:  8    Spells: 3/3 levels left

rFire    x . .     SeeInvis .   a - +0 falchion
rCold    + + .     Gourm    .   i - +0 shield
rNeg     . . .     Faith    .   b - +0 animal skin
rPois    .         Spirit   .   (helmet restricted)
rElec    .         Reflect  .   (no cloak)
rCorr    .         Harm     .   (gloves unavailable)
MR       .....                  (boots unavailable)
Stlth    +.........             k - amulet of magic regeneration
HPRegen  0.16/turn              g - ring of protection from cold
MPRegen  0.34/turn              e - ring of ice

@: lethally poisoned (0 -> -2), flying
A: large, unfitting armour, tough skin 1
a: Berserk, Trog's Hand, Renounce Religion


You were on level 3 of the Dungeon.
You worshipped Trog.
Trog was pleased with you.
You were completely stuffed.

You visited 1 branch of the dungeon, and saw 3 of its levels.

You collected 46 gold pieces.

Inventory:

Hand Weapons
 a - a +0 falchion (weapon)
Armour
 b - a +0 animal skin (worn)
 i - a +0 shield (worn)
Jewellery
 e - a ring of ice (right hand)
 f - an uncursed ring of attention
 g - a ring of protection from cold (left hand)
 j - an uncursed amulet of magic regeneration
 k - an amulet of magic regeneration (around neck)
 m - a cursed ring of teleportation {unknown}
Scrolls
 d - a scroll of identify
 h - a scroll of fog
 l - 3 scrolls of teleportation
Comestibles
 c - 8 rations


   Skills:
 + Level 4.7 Fighting
 + Level 3.5 Long Blades
 + Level 3.2 Dodging
 + Level 0.2 Shields


You had 3 spell levels left.
You didn't know any spells.
Your spell library was empty.

Dungeon Overview and Level Annotations

Branches:
Dungeon (3/15)

Altars:


Innate Abilities, Weirdness & Mutations

You are too large for most types of armour.
You have tough skin. (AC +1)


Message History

You kill the adder!
Trog accepts your kill.
You have reached level 4!
* * * LOW HITPOINT WARNING * * *
You feel sick.
You see here an adder corpse.
You butcher the adder corpse.
* * * LOW HITPOINT WARNING * * *
You feel sick.
You see here a chunk of flesh.
* * * LOW HITPOINT WARNING * * *
You feel sick.
* * * LOW HITPOINT WARNING * * *
You feel sick.
You eat one of the 11 rations.
That ration really hit the spot!
You eat one of the 10 rations.
That ration really hit the spot!
* * * LOW HITPOINT WARNING * * *
You feel sick.
You eat one of the 9 rations.
That ration really hit the spot!
You die...

..# #.# #.# #.#
###.##### #
#.......#
#.###.#.....#####
#>.......@.......
#.#.......#......
#.#...#[# ##### #
#..%#<# ###.#.#
..#.# #..#.#
..!#.. ##.....


There were no monsters in sight!

Vanquished Creatures
  2 adders
  3 dart slugs
  A leopard gecko (D:1)
  An orc (D:3)
  A ball python (D:1)
  2 bats (D:2)
  3 goblins
  5 hobgoblins
  2 quokkas (D:2)
  3 frilled lizards (D:1)
  9 kobolds
  5 rats
37 creatures vanquished.

Notes
Turn   | Place    | Note
-------+----------+-------------------------------------------
     0 | D:1      | tatsu007 the Ogre Berserker began the quest for the Orb.
     0 | D:1      | Reached XP level 1. HP: 24/24 MP: 1/1
    98 | D:1      | Reached XP level 2. HP: 17/32 MP: 2/2
   500 | D:1      | Reached ** piety under Trog
   500 | D:1      | Reached XP level 3. HP: 40/40 MP: 3/3
  1219 | D:3      | Reached XP level 4. HP: 4/49 MP: 4/4
  1222 | D:3      | HP: 2/49 [poisoned by an adder]
  1227 | D:3      | HP: 1/49 [poisoned by an adder]
  1229 | D:3      | Succumbed to an adder's poison

Skill      XL: |  1  2  3 |
---------------+----------+-----
Long Blades    | 3 |  3.5
Dodging        | 3 |  3.2
Fighting       | |  4.7
Shields        | |  0.2

Action                   |  1- 3 |  4- 6 || total
-------------------------+-------+-------++-------
Melee: Falchion          |   137 |       ||   137
Invok: Berserk           |     1 |       ||     1
  Use: Scroll            |     7 |       ||     7
       Potion            |     2 |       ||     2
  Eat: Chunk             |     2 |       ||     2
       Ration            |       |     3 ||     3
Armor: Animal skin       |    51 |       ||    51
Dodge: Dodged            |    50 |       ||    50
Block: Shield            |    48 |       ||    48
       Rpst.: Falchion   |    13 |       ||    13
